[Event "Early-Titled-Tuesday-Blitz-February-20-2024"]
[Site "Chess.com"]
[Date "2024.02.20"]
[Round "9"]
[White "EsmeraldasAnderson03"]
[Black "Hudijegszid"]
[Result "0-1"]
[WhiteElo "2513"]
[BlackElo "2369"]
[TimeControl "180+1"]
[EndTime "9:49:16 PST"]
[Termination "Hudijegszid won by resignation"]

1. d4 d5 2. c4 e6 3. cxd5 exd5 4. Nc3 h6 5. Nf3 Nf6 6. Bf4 Bd6 7. Bxd6 Qxd6 8. e3 Bf5 9. Be2 O-O 10. O-O c6 11. a4 Nbd7 12. a5 Ne4 13. Nxe4 Bxe4 14. Nd2 Nf6 15. Qb3 Rab8 16. Rfc1 Rfe8 17. Qa3 Qd7 18. b4 a6 19. Nb3 g6 20. Nc5 Qe7 21. Qc3 h5 22. Re1 Bf5 23. Bf1 Kg7 24. f3 h4 25. Re2 h3 26. g3 g5 27. Rae1 g4 28. e4 gxf3 29. Qxf3 Bxe4 30. Nxe4 Nxe4 31. Bxh3 Qxb4 32. Qe3 Qxa5 33. Bf5 Qd8 34. h4 Qf6 35. Qf4 Qxd4+ 36. Kh2 Qe5 37. Qg4+ Kf8 38. Bxe4 dxe4 39. Rxe4 Qf6 40. h5 Qf2+ 41. Kh3 Qxe1 42. Rxe1 Rxe1 43. h6 Re6 44. Qg7+ Ke7 45. h7 b5 46. h8=Q Rxh8+ 47. Qxh8 a5 48. Qa8 a4 49. g4 Kf6 50. Kh4 Kg7 51. Qa7 Rg6 52. Qd4+ Kg8 53. Qc5 Kg7 54. Kh5 Kg8 55. g5 Kg7 56. Qe7 Re6 57. Qc5 Rg6 58.
Kg4 Re6 59. Kf5 Kg8 60. Qd4 Rg6 61. Qc5 Re6 62. Kf4 Rg6 63. Ke5 Re6+ 64. Kd4 Rg6 65. Kc3 Re6 66. Kb4 Kg7 67. Qf5 Rg6 68. Qe5+ Kg8 69. Kc5 Re6 70. Qf5 a3 71. Qc2 Rg6 72. Qd2 a2 73. Qxa2 Rxg5+ 74. Kxc6 Rg6+ 75. Kxb5 Re6 76. Kc5 Kg7 77. Kd5 Kg8 78. Qh2 Kg7 79. Qg3+ Kf8 80. Qg5 Rg6 81. Qd8+ Kg7 82. Ke5 Re6+ 83. Kf5 Rg6 84. Qh4 Re6 85. Qg4+ Rg6 86. Qd4+ Kg8 87. Qc3 Re6 88. Kg5 Rg6+ 89. Kh5 Re6 90.
Qd4 Rg6 91. Qd8+ Kg7 92. Qe8 Re6 93. Kg5 Rxe8 94. Kf5 Re6 95. Kg5 Re5+ 0-1

[Event "Early-Titled-Tuesday-Blitz-February-20-2024"]
[Site "Chess.com"]
[Date "2024.02.20"]
[Round "9"]
[White "ACollins05"]
[Black "ValentunHulka"]
[Result "0-1"]
[WhiteElo "2575"]
[BlackElo "2761"]
[TimeControl "180+1"]
[EndTime "9:49:22 PST"]
[Termination "ValentunHulka won on time"]

1. d4 Nf6 2. c4 g6 3. Nc3 Bg7 4. e4 O-O 5. h3 d6 6. Bg5 c5 7. d5 e6 8. Nf3 exd5 9. cxd5 Re8 10.
Bd3 h6 11. Be3 b5 12. Bxb5 Nxe4 13. Bxe8 Nxc3 14. bxc3 Bxc3+ 15. Kf1 Ba6+ 16. Kg1 Qxe8 17. Rc1 Bg7 18. Kh2 Nd7 19. Qd2 Kh7 20. Rhe1 Qd8 21. Bf4 Nb6 22. Rcd1 Bb7 23. Qc1 Bxd5 24. a4 Bxf3 25.
Rxd6 Qf8 26. gxf3 Nxa4 27. Rd7 Nb6 28. Rb7 Re8 29. Rxe8 Qxe8 30. Qxc5 Qe6 31. Rxa7 Nd5 32. Bg3 h5 33. Qc4 Bf6 34. Ra5 Nc3 35. Qxe6 fxe6 36.
Ra7+ Kg8 37. Kg2 Ne2 38. f4 Nd4 39. f3 Nf5 40. Ra6 Kf7 41. Bf2 Be7 42. Ra7 Kf6 43. Be1 Ne3+ 44. Kf2 Nd5 45. Ke2 Nxf4+ 46. Ke3 Bc5+ 47.
Kxf4 Bxa7 48. Bc3+ Kf7 49. h4 Bb8+ 50. Ke4 Ba7 51.
Be1 Bg1 52. Bg3 Kf6 53. f4 Bc5 54. Be1 Bd6 55. Bc3+ Ke7 56. Be1 Kd7 57. Bg3 Kc6 58.
Be1 Kc5 59. Bf2+ Kc4 60. Bd4 Kb3 61. Bf6 Kc2 62. Be5 Be7 63. Bc7 Bf6 64. Bd6 Kd2 65. Bf8 Ke2 66. Bh6 Kf2 67. Bg5 Bxg5 68. fxg5 Kg3 69.
Ke5 Kxh4 70. Kf6 e5 71. Kxg6 e4 72. Kh6 e3 73. g6 e2 74. g7 e1=Q 75. g8=Q Qe3+ 76.
Kh7 Qe4+ 77. Kh6 Qf4+ 78. Kh7 Qf5+ 79. Kh6 Qf6+ 80. Kh7 Qg5 81. Qc4+ Qg4 82. Qf1 Qe4+ 83. Kh6 Qe6+ 84. Kh7 Kg5 85. Qc1+ Kf5 86. Qf1+ Kg5 87. Qc1+ Kf6 88. Qb2+ Qe5 89. Qb6+ Kg5 90. Qg1+ Kf5 91. Qb1+ Qe4 92. Qf1+ Kg5+ 93. Kg7 Qe7+ 94. Kg8 Qe6+ 95.
Kg7 Qg6+ 96. Kh8 Qf6+ 97. Kg8 Qxf1 0-1

[Event "Early-Titled-Tuesday-Blitz-February-20-2024"]
[Site "Chess.com"]
[Date "2024.02.20"]
[Round "9"]
[White "vladgoncharov"]
[Black "Elnaz_Kaliakhmet"]
[Result "1-0"]
[WhiteElo "2654"]
[BlackElo "2452"]
[TimeControl "180+1"]
[EndTime "9:49:30 PST"]
[Termination "vladgoncharov won by checkmate"]

1. d4 Nf6 2. c4 e6 3. Nf3 Bb4+ 4. Bd2 a5 5. Nc3 d6 6. Qc2 Nbd7 7. a3 Bxc3 8. Bxc3 Qe7 9. e3 e5 10. Be2 O-O 11. O-O b6 12. b4 axb4 13. axb4 Bb7 14. d5 b5 15. e4 bxc4 16. Bxc4 c6 17. dxc6 Bxc6 18. Bd3 Bb7 19. Rxa8 Rxa8 20. Ra1 Qd8 21. Rxa8 Qxa8 22. Nd2 h6 23. f3 Nf8 24. Bc4 Qa7+ 25. Kf1 Qe3 26. Qd3 Qf4 27. g3 Qg5 28. Kg2 Ne8 29. h4 Qe7 30. Qe3 Ne6 31. Qb6 Qc7 32. Qxc7 N8xc7 33. Kf2 Kf8 34. Bd3 Ke7 35. Nb3 f6 36.
Na5 Bc8 37. Ke3 d5 38. Kd2 d4 39. Bb2 Bd7 40. Bc4 Bb5 41. Kd3 Kd6 42. Ba3 Kd7 43. Nb3 Kc6 44. Na5+ Kb6 45. Kc2 Ba4+ 46. Kd2 Bb5 47.
Ba2 Nd8 48. Nb3 Nb7 49. Nc5 Nxc5 50. bxc5+ Kc6 51. Bf7 Bf1 52. f4 Bg2 53. Bg6 Bf3 54.
Kd3 Bg2 55. Kc4 Bf1+ 56. Kb3 Bd3 57. Bb4 Kb5 58. Bf5 Kc6 59. Ba3 Bb1 60. Bg6 d3 61.
Bb4 Ne6 62. Be8+ Kc7 63. fxe5 fxe5 64. Kc3 Nd4 65. Kd2 Nb3+ 66. Ke3 Nd4 67. Bc3 Bc2 68. g4 Bb1 69. g5 hxg5 70. hxg5 Kd8 71. Bh5 Bc2 72. Bxd4 exd4+ 73. Kd2 Kc7 74. Be8 Bb1 75. Bb5 Bc2 76. Bxd3 Bb3 77. Bb5 Ba2 78. Kd3 Be6 79.
Kxd4 Bf7 80. Ke5 Bh5 81. Ke6 Bf3 82. e5 Bg4+ 83. Kf7 g6 84. Kxg6 Bf3 85. Kf6 Bg2 86.
g6 Bd5 87. e6 Kd8 88. g7 Bxe6 89. Kxe6 Kc7 90. g8=Q Kb7 91. Qf7+ Kc8 92. Bc6 Kb8 93.
Qb7# 1-0

[Event "Early-Titled-Tuesday-Blitz-February-20-2024"]
[Site "Chess.com"]
[Date "2024.02.20"]
[Round "9"]
[White "Hope_6"]
[Black "Viktor_Poddubnyi"]
[Result "0-1"]
[WhiteElo "2719"]
[BlackElo "2298"]
[TimeControl "180+1"]
[EndTime "9:49:32 PST"]
[Termination "Viktor_Poddubnyi won on time"]

1. d4 g6 2. c4 Bg7 3. Nc3 c5 4. d5 f5 5. Nf3 d6 6. Bf4 Nf6 7. e3 O-O 8. Bd3 Nbd7 9. O-O Ng4 10. Ng5 Nde5 11. Be2 h6 12. Nf3 Nxf3+ 13. Bxf3 Ne5 14. Be2 g5 15. Bxe5 Bxe5 16. Bd3 a6 17. f4 gxf4 18. exf4 Bd4+ 19. Kh1 Qe8 20. Qf3 Qg6 21. Rae1 Rf7 22. Na4 Rb8 23. Nb6 Bxb2 24. Nxc8 Rxc8 25. Re6 Qg4 26. Qxg4+ fxg4 27. Rxh6 b5 28. Rg6+ Rg7 29.
Rxg7+ Bxg7 30. g3 Rb8 31. Rb1 b4 32. Bf5 a5 33. Bxg4 a4 34. Bd1 b3 35. a3 Bd4 36.
Kg2 Kf7 37. Kf3 Kf6 38. Ke4 Rh8 39. h4 Bf2 40. Kf3 Bd4 41. Kg2 Bc3 42. h5 Bd4 43. g4 Bc3 44. Kf3 Bd4 45. g5+ Kf7 46. Kg4 Bc3 47.
g6+ Kf6 48. Bf3 Bd2 49. Be4 Bc3 50. Rh1 Rh6 51. Rg1 Bd2 52. Rb1 Bc3 53. f5 Bd4 54.
Kf4 Rxh5 55. Kg4 Rh6 56. Kf4 Rh2 57. Kf3 Ra2 58. Rh1 b2 59. Rh7 Ra1 60. Rf7+ Kg5 61. g7 Bxg7 62. Rxg7+ Kf6 63. Rg6+ Kf7 64. Rh6 Rxa3+ 65.
Kf4 Rb3 66. Kg5 Rg3+ 67. Kf4 Rb3 68. Kg5 Rg3+ 69. Kf4 Rg1 70. Rh7+ Ke8 71. Rh8+ Kd7 72. f6 exf6 73. Bf5+ Kc7 74. Rh7+ Kb6 75. Rh8 Ka5 76. Ra8+ Kb4 77. Rb8+ Kc3 78. Rb6 Rf1+ 79. Kg4 Rxf5 80. Kxf5 a3 81. Kxf6 a2 82. Ke6 b1=Q 83. Ra6 Qe1+ 84.
Kxd6 a1=Q 85. Rb6 Qa8 86. Kxc5 Qf2+ 0-1

[Event "Early-Titled-Tuesday-Blitz-February-20-2024"]
[Site "Chess.com"]
[Date "2024.02.20"]
[Round "9"]
[White "VladimirKramnik"]
[Black "Eagle_2019"]
[Result "1/2-1/2"]
[WhiteElo "2975"]
[BlackElo "2901"]
[TimeControl "180+1"]
[EndTime "9:49:40 PST"]
[Termination "Game drawn by repetition"]

1. e4 c5 2. Nf3 Nc6 3. Bb5 e6 4. O-O Nge7 5. Re1 Nd4 6. Nxd4 cxd4 7. c3 a6 8. Bf1 Nc6 9. b3 Bc5 10. Ba3 Bxa3 11. Nxa3 O-O 12. Nc2 Qb6 13. e5 f6 14.
exf6 Rxf6 15. cxd4 Nxd4 16. Ne3 d6 17. Rc1 Bd7 18.
Nc4 Qb4 19. a3 Qxb3 20. Qg4 Nf3+ 21. gxf3 Rg6 22. Re3 Rxg4+ 23. fxg4 Qb5 24. Nxd6 Qb6 25. Nc4 Qd4 26. Ne5 Bb5 27. Bxb5 axb5 28. Rc7 Qxd2 29. Nf3 Qd6 30. Rxb7 Rxa3 31. Rxa3 Qxa3 32. Rb8+ Kf7 33. Rb7+ Ke8 34. Kg2 b4 35. Rb8+ Ke7 36. Nd4 Kf6 37. Rb6 Qc3 38. Nxe6 Kf7 39. Ng5+ Ke7 40. Ne4 Qc4 41. f3 b3 42. Rb7+ Ke6 43. Rxb3 Ke5 44. Re3 Kf4 45. Nd2 Qc2 46. Re4+ Kg5 47. Rd4 Kf6 48.
Kg3 Kf7 49. Ne4 Qc7+ 50. Kg2 Qc2+ 51. Rd2 Qc1 52. h4 Ke6 53. h5 Ke5 54. Re2 Kf4 55.
Ng3 Kg5 56. Re5+ Kf6 57. Rf5+ Ke6 58. Ne4 Qc2+ 59. Kg3 Qc7+ 60. f4 Qc4 61. Re5+ Kd7 62.
g5 Qd3+ 63. Kg4 Qe2+ 64. Kf5 Qc2 65. h6 gxh6 66. gxh6 Qc6 67. Nf6+ Kc7 68. Re7+ Kd8 69.
Rd7+ Kc8 70. Rxh7 Qc2+ 71. Ke6 Qc6+ 72. Kf7 Qc4+ 73. Kg7 Qxf4 74. Rh8+ Kb7 75. Rf8 Qg5+ 76. Kh7 Qf5+ 77. Kh8 Qg6 78. h7 Ka7 79. Ng8 Qd6 80. Rf6 Qe5 81. Kg7 Qg5+ 82. Rg6 Qe5+ 83. Nf6 Qe7+ 84. Kh6 Qf8+ 85. Kg5 Qd8 86. Kh6 Qf8+ 87. Kh5 Qc5+ 88. Rg5 Qf8 89. Rg6 Qc5+ 90. Kh6 Qf8+ 1/2-1/2

[Event "Early-Titled-Tuesday-Blitz-February-20-2024"]
[Site "Chess.com"]
[Date "2024.02.20"]
[Round "9"]
[White "mr_gustavo"]
[Black "Vaathi_Coming"]
[Result "1/2-1/2"]
[WhiteElo "2752"]
[BlackElo "2907"]
[TimeControl "180+1"]
[EndTime "9:50:14 PST"]
[Termination "Game drawn by stalemate"]

1. e4 e5 2. Nf3 Nc6 3. Bb5 a6 4. Ba4 Nf6 5. O-O Be7 6. Re1 b5 7. Bb3 d6 8. c3 O-O 9. h3 Nd7 10.
d4 Bf6 11. a4 Bb7 12. Na3 b4 13. Nc4 bxc3 14. bxc3 Rb8 15. Bc2 Nb6 16. Nxb6 cxb6 17.
Be3 Qc7 18. Rb1 Bc8 19. Bd3 Na5 20. Rc1 Nc4 21. Bg5 Bxg5 22. Nxg5 Nb2 23. Qc2 Nxd3 24. Qxd3 a5 25. c4 Bd7 26. Ra1 Rfd8 27. Nf3 Rbc8 28. Rec1 Be6 29. d5 Bd7 30. Qb3 Rf8 31. Rab1 Rb8 32.
Nd2 f5 33. exf5 Bxf5 34. Rb2 h6 35. Nf1 Bg6 36. Qg3 Kh7 37. Ne3 Rf4 38. f3 Qc5 39.
Qf2 e4 40. Ng4 Qxf2+ 41. Kxf2 exf3 42. gxf3 Rbf8 43. Rc3 h5 44. Nh2 Rb8 45. Nf1 Rh4 46. Kg3 Rd4 47. Ne3 h4+ 48. Kf2 Rf4 49. Ng2 Rf6 50.
Nxh4 Be8 51. Ra3 Bd7 52. Ng2 Bxh3 53. Ne3 Bd7 54. Rab3 Rbf8 55. Ng2 Bxa4 56. Re3 Bd1 57. Ne1 Rb8 58. Rd3 Ba4 59. Ra3 Bd7 60. Rxa5 bxa5 61. Rxb8 a4 62. Rb7 Be8 63. Ra7 Rf4 64. Ra6 Rxc4 65.
Rxd6 a3 66. Ra6 Ra4 67. Rd6 a2 68. Nc2 a1=Q 69. Nxa1 Rxa1 70. Ke3 Ra3+ 71. Kf4 Bh5 72. Ke5 Bxf3 73. Rb6 Re3+ 74. Kf4 Rd3 75. d6 Bh5 76. Ke5 Bg4 77. Rb7 Bh3 78. Ra7 Bg4 79. Ra6 Rd1 80.
Kf4 Bd7 81. Ke5 Re1+ 82. Kd5 Rd1+ 83. Ke5 Be8 84. Ra7 Bc6 85. Rc7 Ba4 86. Ra7 Bb5 87.
Rb7 Rb1 88. d7 Re1+ 89. Kf4 Bxd7 90. Rxd7 Rg1 91. Rd6 Rg6 92. Rxg6 Kxg6 93. Kg4 Kf6 94. Kf4 Ke6 95. Ke4 Ke7 96. Kf5 Kf7 97. Kg5 g6 98.
Kg4 Kf6 99. Kf4 g5+ 100. Kg4 Kg6 101. Kg3 Kf5 102. Kf3 g4+ 103. Kg3 Kg5 104. Kg2 Kh4 105. Kh2 g3+ 106. Kg2 Kg4 107. Kg1 Kh3 108. Kh1 g2+ 109. Kg1 Kg3 1/2-1/2

[Event "Early-Titled-Tuesday-Blitz-February-20-2024"]
[Site "Chess.com"]
[Date "2024.02.20"]
[Round "9"]
[White "Rakhmanov_Aleksandr"]
[Black "shimastream"]
[Result "1/2-1/2"]
[WhiteElo "2871"]
[BlackElo "2970"]
[TimeControl "180+1"]
[EndTime "9:50:42 PST"]
[Termination "Game drawn by 50-move rule"]

1. c4 e5 2. Nf3 d6 3. d4 Nd7 4.
Nc3 Ngf6 5. e4 g6 6. Be2 Bg7 7. O-O O-O 8. Re1 h6 9. Bf1 Nh7 10. dxe5 dxe5 11. Be3 f5 12. exf5 gxf5 13. c5 e4 14. Nd4 Ne5 15. Bf4 Ng6 16. Bc4+ Kh8 17. Nde2 Bd7 18. Nd5 Rc8 19. Qb3 c6 20. Ne3 b5 21.
cxb6 axb6 22. Rad1 Rf6 23. Bf7 b5 24. Rd2 Qe7 25.
Bxg6 Rxg6 26. Ng3 Rf8 27. Red1 Be6 28. Qc2 Qf7 29. Qxc6 Bb3 30. Qxg6 Qxg6 31. axb3 Ng5 32. Rd6 Ne6 33. Ra6 Qf7 34. Bd6 f4 35. Bxf8 Bxf8 36.
Ngf5 fxe3 37. Nxe3 Nf4 38. Ra8 Nd3 39. Rf1 Kh7 40.
b4 Bxb4 41. Nd1 Bc5 42. b4 Bd4 43. Rd8 Qc4 44. Rd7+ Kg6 45. Ne3 Bxe3 46. fxe3 Qxb4 47. Rdf7 Qc3 48. h4 Qe5 49. g4 h5 50. g5 b4 51.
R1f6+ Qxf6 52. Rxf6+ Kg7 53. Rb6 Kf7 54. g6+ Kg7 55. Kf1 Ne5 56. Rxb4 Kxg6 57. Rxe4 Nd7 58. Ra4 Nf6 59. Ra6 Kf5 60. Ra5+ Kg4 61. Ra4+ Kg3 62. Ke2 Ng4 63. Ra5 Kxh4 64. Rf5 Nh6 65. Rf8 Kg5 66.
e4 h4 67. e5 h3 68. e6 h2 69. Rf1 Nf5 70. Kf3 Kf6 71. Rh1 Kxe6 72. Rxh2 Nd6 73. Rh6+ Ke5 74. Rh5+ Kd4 75. Kf4 Nc4 76. Rh8 Nb6 77.
Rd8+ Nd5+ 78. Kf5 Kc5 79. Ke5 Nb4 80. Rc8+ Nc6+ 81. Ke6 Kb5 82. Kd6 Na5 83. Kd5 Kb4 84.
Kd4 Nb3+ 85. Kd5 Na5 86. Rc7 Nb3 87. Rc4+ Kb5 88. Rh4 Na5 89. Rh1 Nb3 90. Rb1 Kb4 91. Rb2 Kc3 92. Rh2 Kb4 93. Rh3 Na5 94. Rh4+ Kc3 95.
Rh3+ Kb4 96. Kd4 Nb3+ 97. Kd3 Nc5+ 98. Ke3 Kc4 99. Rh4+ Kd5 100. Rg4 Ne6 101. Ra4 Nc5 102. Rh4 Ne6 103. Rh5+ Kc4 104. Ke4 Nc5+ 105. Ke5 Nd3+ 106. Kd6 Kd4 107. Rh4+ Ke3 108. Kd5 Nf4+ 109. Ke5 Nd3+ 110. Kf5 Nf2 111. Ra4 Nd3 112. Re4+ Kd2 113. Re8 Kc3 114. Ke4 Nc5+ 115. Ke3 Kc4 116. Re5 Nb3 117. Re4+ Kd5 118. Rh4 Nc5 119. Rh5+ Kc4 120. Rg5 Nb3 121. Rg4+ Kd5 122. Rb4 1/2-1/2

[Event "Early-Titled-Tuesday-Blitz-February-20-2024"]
[Site "Chess.com"]
[Date "2024.02.20"]
[Round "10"]
[White "ajeale2"]
[Black "Louis-Paulsen-Fan"]
[Result "1-0"]
[WhiteElo "2489"]
[BlackElo "2238"]
[TimeControl "180+1"]
[EndTime "9:53:02 PST"]
[Termination "ajeale2 won by resignation"]

1. d4 d5 2. Bf4 e6 3. e3 Nf6 4.
Nd2 Bd6 5. Bg3 O-O 6. Bd3 c5 7. c3 Nc6 8. Ngf3 b6 9. Ne5 Bb7 10. O-O Ne7 11. Qb1 g6 12. Bh4 Nf5 13. Bxf6 Qxf6 14.
Nd7 Qh4 15. Nf3 Qh5 16. Nf6+ 1-0

[Event "Early-Titled-Tuesday-Blitz-February-20-2024"]
[Site "Chess.com"]
[Date "2024.02.20"]
[Round "10"]
[White "BozeKat"]
[Black "ARMQUEEN"]
[Result "0-1"]
[WhiteElo "2154"]
[BlackElo "2482"]
[TimeControl "180+1"]
[EndTime "9:53:02 PST"]
[Termination "ARMQUEEN won by resignation"]

1. c4 c5 2. g3 g6 3. Bg2 Bg7 4. Nc3 Nc6 5. e4 d6 6. Nge2 e6 7. O-O Nge7 8. d3 O-O 9. Be3 a6 10. a4 Rb8 11. Rb1 Nd4 12. h3 Nec6 13. f4 Nb4 14.
Nxd4 cxd4 15. Bd2 dxc3 16. bxc3 Nxd3 0-1

[Event "Early-Titled-Tuesday-Blitz-February-20-2024"]
[Site "Chess.com"]
[Date "2024.02.20"]
[Round "10"]
[White "m_ezat"]
[Black "Agentxya"]
[Result "1-0"]
[WhiteElo "2512"]
[BlackElo "2268"]
[TimeControl "180+1"]
[EndTime "9:53:31 PST"]
[Termination "m_ezat won by resignation"]

1. d4 d5 2. c4 c6 3. Nc3 Nf6 4. cxd5 cxd5 5. Bf4 Nc6 6. e3 Bf5 7. Qb3 Na5 8. Qa4+ Bd7 9. Qc2 e6 10. Bd3 Rc8 11. Nf3 Bb4 12. O-O Nc4 13. Bxc4 Rxc4 14. Ne5 Rc8 15. Bg5 Be7 16. Qb3 Qb6 17. Rfc1 Qxb3 18.
axb3 a6 19. Na4 Bxa4 20. Rxc8+ Bd8 21. bxa4 1-0

[Event "Early-Titled-Tuesday-Blitz-February-20-2024"]
[Site "Chess.com"]
[Date "2024.02.20"]
[Round "10"]
[White "Inepton_Fermion"]
[Black "zurzan"]
[Result "1-0"]
[WhiteElo "2393"]
[BlackElo "2069"]
[TimeControl "180+1"]
[EndTime "9:54:20 PST"]
[Termination "Inepton_Fermion won by resignation"]

1. Nf3 g6 2. g3 Bg7 3. Bg2 Nf6 4. O-O O-O 5. b3 c5 6. Bb2 Nc6 7. c4 d6 8. d4 cxd4 9. Nxd4 Rb8 10. Bxc6 bxc6 11.
Nxc6 Qb6 12. Nxb8 Qxb8 13. Nc3 Bh3 14. Re1 Qb7 15. f3 Qb6+ 16. e3 Nd7 17. Nd5 Qd8 18.
Bxg7 Kxg7 19. Qd4+ f6 20. g4 Ne5 21. Qd1 h5 22. Nf4 hxg4 23. Ne6+ 1-0

[Event "Early-Titled-Tuesday-Blitz-February-20-2024"]
[Site "Chess.com"]
[Date "2024.02.20"]
[Round "10"]
[White "kpio91"]
[Black "Mikasinski"]
[Result "1-0"]
[WhiteElo "2887"]
[BlackElo "2661"]
[TimeControl "180+1"]
[EndTime "9:54:21 PST"]
[Termination "kpio91 won by resignation"]

1. d4 Nf6 2. c4 e6 3. Nc3 Bb4 4. e3 O-O 5. Bd3 c5 6. Nf3 d5 7. cxd5 cxd4 8. exd4 exd5 9. O-O h6 10. h3 Nc6 11.
Bf4 Re8 12. Qb3 Bd6 13. Bxd6 Qxd6 14. Rac1 Bd7 15. Nb5 Qf4 16. Bb1 Ne4 17. Qxd5 Be6 18. Qxe4 Qxe4 19. Bxe4 1-0

[Event "Early-Titled-Tuesday-Blitz-February-20-2024"]
[Site "Chess.com"]
[Date "2024.02.20"]
[Round "10"]
[White "Mikhail_Golubev"]
[Black "Schachmalanders"]
[Result "1-0"]
[WhiteElo "2632"]
[BlackElo "2463"]
[TimeControl "180+1"]
[EndTime "9:54:27 PST"]
[Termination "Mikhail_Golubev won by resignation"]

1. e4 c6 2. d4 d5 3. Nd2 dxe4 4. Nxe4 Nd7 5. Bd3 Ngf6 6. Ng5 e6 7. N1f3 Be7 8. Qe2 c5 9. Nxf7 Kxf7 10. Ng5+ Ke8 11. Qxe6 Ne5 12. Qxe5 Qxd4 13. Qxd4 cxd4 14. O-O h6 15. Bg6+ 1-0

[Event "Early-Titled-Tuesday-Blitz-February-20-2024"]
[Site "Chess.com"]
[Date "2024.02.20"]
[Round "10"]
[White "alpope"]
[Black "HamedWafa4"]
[Result "0-1"]
[WhiteElo "2528"]
[BlackElo "2722"]
[TimeControl "180+1"]
[EndTime "9:54:31 PST"]
[Termination "HamedWafa4 won by resignation"]

1. Nf3 c5 2. g3 Nc6 3. Bg2 g6 4. O-O Bg7 5. c4 d6 6. Nc3 Nf6 7. b3 O-O 8. Bb2 Rb8 9. d4 cxd4 10. Nxd4 Bd7 11. e4 a6 12. Re1 Qa5 13. Nd5 Nxd5 14. exd5 Nxd4 15. Bxd4 Bxd4 16. Qxd4 Rfe8 17. Re2 b5 18. c5 dxc5 19. Qxc5 Rbc8 20. Qd4 Bf5 21. Rae1 h5 22. d6 e5 23. Rxe5 Qxe1+ 0-1

[Event "Early-Titled-Tuesday-Blitz-February-20-2024"]
[Site "Chess.com"]
[Date "2024.02.20"]
[Round "10"]
[White "Dewarfd"]
[Black "dimoni64"]
[Result "1-0"]
[WhiteElo "2148"]
[BlackElo "2078"]
[TimeControl "180+1"]
[EndTime "9:54:33 PST"]
[Termination "Dewarfd won by checkmate"]

1. d4 d5 2. e3 e6 3. Nf3 Nf6 4. Bd3 Bd6 5. O-O O-O 6. Nbd2 Nbd7 7. b3 c6 8. Bb2 Re8 9. e4 e5 10.
dxe5 Nxe5 11. Nxe5 Bxe5 12. Bxe5 Rxe5 13. Nf3 Re8 14.
exd5 Nxd5 15. Re1 Bg4 16. Rxe8+ Qxe8 17. Bc4 Rd8 18. Bxd5 Rxd5 19. Qe1 Qd7 20. c4 Rd6 21. Ne5 Rd1 22. Nxd7 Rxe1+ 23. Rxe1 Bxd7 24. Re7 Bh3 25. Re8# 1-0

[Event "Early-Titled-Tuesday-Blitz-February-20-2024"]
[Site "Chess.com"]
[Date "2024.02.20"]
[Round "10"]
[White "Goryachkina"]
[Black "PedroGil25"]
[Result "1-0"]
[WhiteElo "2709"]
[BlackElo "2511"]
[TimeControl "180+1"]
[EndTime "9:54:38 PST"]
[Termination "Goryachkina won by resignation"]

1. e4 c5 2. Nf3 e6 3. g3 a6 4. Bg2 Nc6 5. O-O Qc7 6. c3 Nf6 7.
Re1 Be7 8. d4 cxd4 9. cxd4 d5 10. e5 Ne4 11. Nc3 Nxc3 12. bxc3 O-O 13. Ng5 Bd7 14.
Qh5 Bxg5 15. Bxg5 Na5 16. Rac1 Rfc8 17. h4 Bb5 18. Qf3 h6 19. Bf4 Bc4 20. Rc2 Qe7 21. h5 b5 22. g4 Nc6 23. Qg3 b4 24. g5 hxg5 25. Bxg5 Qf8 26. h6 g6 27. h7+ Kxh7 28.
Qh4+ Kg8 29. Bf6 1-0

[Event "Early-Titled-Tuesday-Blitz-February-20-2024"]
[Site "Chess.com"]
[Date "2024.02.20"]
[Round "10"]
[White "Attacker_2006"]
[Black "kleopl"]
[Result "0-1"]
[WhiteElo "2381"]
[BlackElo "2520"]
[TimeControl "180+1"]
[EndTime "9:54:51 PST"]
[Termination "kleopl won by checkmate"]

1. e4 c6 2. Nf3 d5 3. exd5 cxd5 4. d4 Nf6 5. h3 a6 6. Bd3 Nc6 7. O-O g6 8. Re1 Bf5 9. Bxf5 gxf5 10. c3 e6 11. Ne5 Qc7 12. Bf4 Bd6 13. Bg5 Ne4 14. Bf4 Nxe5 15. dxe5 Bc5 16. Be3 Bxe3 17. Rxe3 f4 18. Re1 Rg8 19. f3 Qb6+ 20. Qd4 Qxb2 21. fxe4 Qxg2# 0-1

[Event "Early-Titled-Tuesday-Blitz-February-20-2024"]
[Site "Chess.com"]
[Date "2024.02.20"]
[Round "10"]
[White "IM_ArthurDW08"]
[Black "Bigfish1995"]
[Result "0-1"]
[WhiteElo "2825"]
[BlackElo "3183"]
[TimeControl "180+1"]
[EndTime "9:54:59 PST"]
[Termination "Bigfish1995 won by resignation"]

1. e4 c6 2. d4 d5 3. e5 Bf5 4. h4 a6 5. g4 Bd7 6. Nc3 e6 7. Be3 c5 8. dxc5 Nc6 9. f4 d4 10.
Bxd4 Nxd4 11. Qxd4 Bc6 12. Qxd8+ Rxd8 13. Rh3 Bxc5 14.
Nge2 Nh6 15. g5 Ng4 16. Nd1 h6 17. Rg3 Nh2 18. Bg2 Bxg2 19. Rxg2 Nf3+ 20. Kf1 hxg5 21. Rg3 g4 0-1

[Event "Early-Titled-Tuesday-Blitz-February-20-2024"]
[Site "Chess.com"]
[Date "2024.02.20"]
[Round "10"]
[White "dzhumagaliev"]
[Black "HelvertHernandez"]
[Result "1-0"]
[WhiteElo "2760"]
[BlackElo "1988"]
[TimeControl "180+1"]
[EndTime "9:55:02 PST"]
[Termination "dzhumagaliev won by resignation"]

1. Nf3 c5 2. h4 Nc6 3. h5 h6 4. c3 d5 5. d4 Bg4 6. Rh4 Bxf3 7. gxf3 e5 8. Rh1 cxd4 9. cxd4 Nxd4 10. f4 Bb4+ 11. Nc3 Qa5 12. Bd2 exf4 13. a3 Bxc3 14. Bxc3 Qc7 15. Qxd4 f6 16. Qxd5 Ne7 17. Qb5+ Kf8 18.
Bg2 Rb8 19. O-O-O a6 20. Qd7 Rc8 21. Qxc7 Rxc7 22. Rd8+ Kf7 23. Rxh8 Nd5 24. Bxd5+ 1-0

[Event "Early-Titled-Tuesday-Blitz-February-20-2024"]
[Site "Chess.com"]
[Date "2024.02.20"]
[Round "10"]
[White "mbchess97"]
[Black "azikom"]
[Result "1-0"]
[WhiteElo "2487"]
[BlackElo "2643"]
[TimeControl "180+1"]
[EndTime "9:55:04 PST"]
[Termination "mbchess97 won by resignation"]

1. c4 c5 2. g3 Nc6 3. Bg2 h5 4. Nf3 g6 5. d4 cxd4 6. Nxd4 Bg7 7. Be3 h4 8. Nc3 Nf6 9. Qd2 Ng4 10. Nxc6 bxc6 11. Bd4 Ne5 12. b3 Kf8 13. Rd1 Qa5 14. f4 Ng4 15. Bxg7+ Kxg7 16. Bf3 d6 17. Ne4 hxg3 18.
Qxa5 1-0

[Event "Early-Titled-Tuesday-Blitz-February-20-2024"]
[Site "Chess.com"]
[Date "2024.02.20"]
[Round "10"]
[White "CaspiIsrael"]
[Black "Casper"]
[Result "0-1"]
[WhiteElo "2720"]
[BlackElo "2562"]
[TimeControl "180+1"]
[EndTime "9:55:09 PST"]
[Termination "Casper won by resignation"]

1. d4 d5 2. c4 dxc4 3. e3 Nf6 4. Bxc4 a6 5. Nf3 Nc6 6. O-O Bg4 7. h3 Bh5 8. Nc3 e6 9. Be2 Bd6 10. Qb3 O-O 11. Rd1 b5 12. a4 b4 13. Nb1 e5 14. dxe5 Nxe5 15. Nbd2 Qe7 16. a5 Nfd7 17. Re1 Nc5 18. Qd5 Rad8 19. Qa2 b3 20. Nxb3 Nxf3+ 21. Bxf3 Bxf3 22. gxf3 Qg5+ 23. Kf1 Nd3 24. Rd1 Bh2 25. Ke2 Qb5 26. Nd4 Nxc1+ 27. Kd2 Nxa2 28. Rxa2 c5 0-1

[Event "Early-Titled-Tuesday-Blitz-February-20-2024"]
[Site "Chess.com"]
[Date "2024.02.20"]
[Round "10"]
[White "SharapovEvgeny"]
[Black "ikhasu"]
[Result "0-1"]
[WhiteElo "2537"]
[BlackElo "2464"]
[TimeControl "180+1"]
[EndTime "9:55:16 PST"]
[Termination "ikhasu won by checkmate"]

1. e4 c5 2. Nf3 e6 3. d4 cxd4 4. Nxd4 Nc6 5. Nb5 d6 6. Bf4 e5 7.
Be3 a6 8. N5c3 Nf6 9. Bg5 Be6 10. Nd2 h6 11. Bxf6 gxf6 12. Nc4 f5 13. exf5 Bxf5 14. Ne3 Bg6 15. Bd3 Qg5 16. Bxg6 Qxg6 17. Qd3 Nd4 18. Qxg6 fxg6 19. Ncd5 Rc8 20. c3 Ne6 21. Ke2 Be7 22. g3 Rf8 23. h4 Bd8 24. Rad1 Nc5 25. f3 e4 26. f4 Nd3 27. Rd2 g5 28. hxg5 hxg5 29.
f5 g4 30. Rh7 Bg5 31. Rxb7 Rh8 32. Rxd3 Rh2+ 33. Kd1 exd3 34. f6 Kf8 35. f7 Rc5 36. c4 Rxc4 37. Nxc4 Rh1# 0-1

[Event "Early-Titled-Tuesday-Blitz-February-20-2024"]
[Site "Chess.com"]
[Date "2024.02.20"]
[Round "10"]
[White "ragnaroek66"]
[Black "LuisFSiles"]
[Result "1-0"]
[WhiteElo "2477"]
[BlackElo "2333"]
[TimeControl "180+1"]
[EndTime "9:55:20 PST"]
[Termination "ragnaroek66 won by resignation"]

1. d4 Nf6 2. c4 g6 3. Nc3 d5 4. cxd5 Nxd5 5. e4 Nxc3 6. bxc3 Bg7 7.
Nf3 c5 8. Bb5+ Nd7 9. O-O O-O 10.
Rb1 Qc7 11. Bg5 Nf6 12. Qd3 a6 13. Ba4 b5 14. Bc2 Bb7 15. d5 c4 16. Qd2 e6 17. d6 Qc6 18. Ne5 Qc5 19. Bxf6 Bxf6 20. Nd7 Qg5 21. f4 Qh4 22. g3 1-0